Map: Oxide LE

Players

Bunny - Winner!

  • Race: Terran Terran

MaxPax

  • Race: Protoss Protoss

Event: DreamHack SC2 Masters 2021 Fall

VOD

Have the link to the VOD?

Description

Time

  • Played on: Sept. 8, 2021, 11:01 a.m.
  • Length: 10:09

All games in this series

Show
View Real Time Build Order
Export as new Build Order

Bunny Terran - Winner!

Build Orders:  

Get SALT Encoding   

  12  0:00  SCV  
  13  0:12  SCV  
  14  0:17  Supply Depot  
  14  0:24  SCV  
  15  0:39  SCV, Barracks  
  15  0:42  Refinery  
  16  0:51  SCV  
  17  1:03  SCV  
  18  1:15  SCV  
  19  1:27  Marine, Orbital Command  
  20  1:42  Command Center  
  20  1:46  Barracks Reactor  
  20  1:51  Marine  
  21  1:56  Bunker, SCV  
  21  1:58  Factory  
  21  1:59  Supply Depot  
  22  2:06  Refinery  
  23  2:08  SCV  
  23  2:20  Marine, SCV  
  25  2:32  SCV  
  26  2:38  Marine  
  26  2:39  Bunker  
  26  2:41  Factory Tech Lab  
  27  2:44  SCV  
  27  2:46  Starport  
  27  2:48  Supply Depot  
  28  2:56  Marine  
  28  2:57  SCV  
  30  3:09  Cyclone  
  30  3:10  Supply Depot  
  30  3:12  Mag-Field Accelerator  
  33  3:14  Marine  
  34  3:27  SCV  
  34  3:30  Viking  
  34  3:32  Marine  
  38  3:46  Cyclone  
  41  3:49  Supply Depot  
  41  3:54  SCV  
  41  3:56  Marine  
  42  4:03  Viking  
  42  4:20  Cyclone  
  45  4:27  SCV  
  46  4:33  Marine  
  47  4:41  Medivac  
  49  4:52  Supply Depot  
  49  4:58  Bunker  
  47  5:06  Cyclone  
  50  5:10  Marine  
  51  5:20  Viking  
  53  5:28  Marine  
  53  5:32  Supply Depot  
  54  5:43  Siege Tank  
  54  5:46  Marine  
  54  6:04  Marine  
  55  6:13  Bunker  
  55  6:15  Viking, Cyclone  
  60  6:22  Marine  
  61  6:27  Supply Depot  
  61  6:39  Marine  
  62  6:47  Cyclone  
  63  6:57  Marine  
  63  6:59  Viking  
  66  7:15  Marine  
  63  7:22  Cyclone  
  67  7:29  Viking  
  69  7:33  Marine, Supply Depot  
  70  7:54  Command Center  
  70  8:11  Marine  
  70  8:12  SCV  
  72  8:14  Supply Depot  
  67  8:23  Cyclone  
  69  8:29  Marine  
  69  8:31  Viking  
  72  8:37  SCV  
  72  8:55  SCV  
  73  8:58  Barracks Reactor  
  73  9:00  Barracks x2  
  73  9:08  Orbital Command  
  73  9:10  SCV  
  74  9:18  Siege Tank  
  74  9:22  SCV  
  78  9:31  Engineering Bay  
  75  9:40  Marine  
  75  9:41  Marine  
  75  9:42  SCV  
  77  10:03  Missile Turret  
Show
View Real Time Build Order
Export as new Build Order

MaxPax Protoss 

Build Orders: Proxy Void Ray 

Get SALT Encoding   

  12  0:00  Probe  
  13  0:12  Probe  
  14  0:18  Pylon  
  14  0:24  Probe  
  15  0:36  Probe  
  15  0:37  Pylon  
  16  0:48  Probe  
  17  0:55  Gateway  
  17  1:00  Assimilator  
  17  1:01  Probe  
  18  1:13  Probe  
  19  1:25  Probe  
  20  1:28  Assimilator  
  20  1:37  Probe  
  21  1:40  Zealot (Chrono Boost)  
  21  1:42  Cybernetics Core  
  23  1:49  Probe  
  24  1:59  Zealot  
  26  2:04  Probe  
  27  2:19  Stargate  
  27  2:23  Shield Battery  
  27  2:24  Stalker (Chrono Boost)  
  27  2:29  Warp Gate  
  29  2:33  Pylon  
  29  2:46  Stalker  
  31  2:55  Void Ray (Chrono Boost)  
  31  2:56  Shield Battery  
  35  3:12  Shield Battery  
  35  3:21  Pylon  
  35  3:24  Void Ray (Chrono Boost)  
  35  3:28  Shield Battery  
  39  3:39  Gateway  
  39  3:51  Shield Battery  
  39  3:57  Void Ray  
  43  4:11  Shield Battery  
  43  4:17  Shield Battery  
  43  4:29  Sentry  
  43  4:34  Stalker  
  43  4:35  Shield Battery  
  45  4:40  Shield Battery  
  45  4:46  Shield Battery  
  45  4:54  Stalker  
  45  4:58  Pylon  
  47  5:17  Stalker  
  47  5:18  Stalker  
  51  5:30  Pylon  
  51  5:35  Void Ray  
  55  5:49  Sentry  
  57  5:51  Zealot  
  47  6:14  Sentry, Zealot  
  47  6:17  Gateway  
  51  6:25  Void Ray (Chrono Boost)  
  39  6:41  Nexus  
  39  6:49  Sentry  
  41  6:55  Shield Battery, Probe  
  42  7:04  Stalker  
  42  7:07  Probe  
  45  7:18  Zealot  
  45  7:20  Probe  
  48  7:27  Sentry  
  50  7:32  Probe  
  50  7:34  Void Ray (Chrono Boost)  
  56  7:44  Probe  
  56  7:50  Zealot  
  57  7:53  Stalker  
  57  7:58  Probe  
  60  8:11  Stalker  
  60  8:12  Probe  
  59  8:24  Stalker  
  59  8:26  Probe  
  46  8:35  Sentry  
  46  8:39  Pylon  
  46  8:40  Gateway  
  47  8:43  Probe x2  
  49  8:54  Twilight Council  
  49  9:00  Shield Battery  
  49  9:09  Gateway  
  49  9:17  Probe x2  
  49  9:18  Gateway  
  51  9:25  Pylon  
  51  9:28  Pylon  
  51  9:29  Probe  
  52  9:37  Probe  
  53  9:38  Sentry  
  53  9:42  Assimilator  
  53  9:43  Assimilator  
  55  9:48  Shield Battery  
  49  9:56  Probe  
  42  10:03  Stalker x2  

Tags
 
Add a new tag
Caveats
  • Supply blocks, unpowered buildings, or Contaminate may cause inaccurate times.
  • Supply counts are checked every 10 seconds.